FSL
CHARLOTTE STONE CRABS @ PALM BEACH CARDINALS
04/29/2099
 
TOP OF THE 1ST
Charlotte Stone Crabs batting - Pitching for Palm Beach Cardinals : LHP Dylan Gregg
Pitching: LHP Dylan Gregg
Batting: RHB Jeff Rock 0-0: Swinging Strike
0-1: Ball
1-1: Foul Ball, location: 2F
1-2: Strikes out swinging
Batting: LHB Paul Haynes 0-0: Called Strike
0-1: Ball
1-1: Ball
2-1: Ball
3-1: Swinging Strike
3-2: Foul Ball, location: 2F
3-2: Strikes out looking
Batting: RHB Eric Watts 0-0: Called Strike
0-1: Ball
1-1: Swinging Strike
1-2: Ball
2-2: Ball
3-2: Base on Balls
Batting: RHB Daniel Melendrez 0-0: Ball
1-0: Fly out, F8 (Flyball, 8RM, EV 91.3 MPH)
Top of the 1st over - 0 runs, 0 hits, 0 errors, 1 left on base; Charlotte 0 - Palm Beach 0
BOTTOM OF THE 1ST
Palm Beach Cardinals batting - Pitching for Charlotte Stone Crabs : RHP Jason Lento
Pitching: RHP Jason Lento
Batting: RHB Dave Mora 0-0: Foul Ball, location: 2F
0-1: Ball
1-1: Ball
2-1: Swinging Strike
2-2: Strikes out swinging
Batting: SHB Jeremy Landon 0-0: Swinging Strike
0-1: Ball
1-1: Swinging Strike
1-2: Ground out 1-3 (Groundball, 34S, EV 65.6 MPH)
Batting: LHB Johnny Whitehead 0-0: Called Strike
0-1: Called Strike
0-2: Ball
1-2: Strikes out swinging
Bottom of the 1st over - 0 runs, 0 hits, 0 errors, 0 left on base; Charlotte 0 - Palm Beach 0
TOP OF THE 2ND
Charlotte Stone Crabs batting - Pitching for Palm Beach Cardinals : LHP Dylan Gregg
Batting: RHB Alex Cooper 0-0: Called Strike
0-1: Ball
1-1: Ball
2-1: Called Strike
2-2: Foul Ball, location: 2F
2-2: Foul Ball, location: 23FF
2-2: Foul Ball, location: 9LDF
2-2: Ball
3-2: Base on Balls
Batting: LHB Ivan Santana 0-0: Fly out, F8 (Flyball, 8RM, EV 98.1 MPH)
Batting: RHB Isaiah Qualls 0-0: Ball
1-0: Ball
2-0: Fielders Choice at 2nd, 3-6 (Groundball, 3, EV 104.4 MPH)
Batting: RHB Estaçio Barrocas 0-0: Ball
1-0: Swinging Strike
1-1: Ball
2-1: Foul Ball, location: 2F
2-2: Foul Ball, location: 25FF
2-2: Ball
3-2: Foul Ball, location: 3SF
3-2: SINGLE (Groundball, 34D, EV 102.5 MPH)
Isaiah Qualls to second
Isaiah Qualls to third
Batting: RHB R.J. Kimmel 0-0: Foul Ball, location: 2F
0-1: Swinging Strike
0-2: Fly out, F5 (Line Drive, 5, EV 63.1 MPH)
Top of the 2nd over - 0 runs, 1 hit, 0 errors, 2 left on base; Charlotte 0 - Palm Beach 0
BOTTOM OF THE 2ND
Palm Beach Cardinals batting - Pitching for Charlotte Stone Crabs : RHP Jason Lento
Batting: RHB Robbie Carter 0-0: Ball
1-0: Ball
2-0: Foul Ball, location: 5FF
2-1: Ball
3-1: Foul Ball, location: 23F
3-2: Base on Balls
Batting: SHB Alex Sandoval 0-0: Ball
1-0: Fly out, F9 (Flyball, 9, EV 81.3 MPH)
Batting: RHB Tommy Riley 0-0: Foul Ball, location: 2F
0-1: Fly out, F7 (Flyball, 7, EV 88.8 MPH)
Batting: LHB Tony Schulze 0-0: Called Strike
0-1: Foul Ball, location: 5DF
0-2: DOUBLE (Flyball, 8LXD, EV 106.3 MPH)
Robbie Carter to third
Runner from 3rd tries for Home, SAFE, throw by CF to home
Batting: RHB Garrett Cragle 0-0: Swinging Strike
0-1: Ball
1-1: Ball
2-1: Foul Ball, location: 5F
2-2: Fly out, F9 (Flyball, 9LM, EV 103.8 MPH)
Bottom of the 2nd over - 1 run, 1 hit, 0 errors, 1 left on base; Charlotte 0 - Palm Beach 1
TOP OF THE 3RD
Charlotte Stone Crabs batting - Pitching for Palm Beach Cardinals : LHP Dylan Gregg
Batting: RHB Jeff Rock 0-0: Fly out, F9 (Flyball, 9S, EV 98.1 MPH)
Batting: LHB Paul Haynes 0-0: Ground out 4-3 (Groundball, 4, EV 80.6 MPH)
Batting: RHB Eric Watts 0-0: Fly out, F7 (Flyball, 78M, EV 86.9 MPH)
Top of the 3rd over - 0 runs, 0 hits, 0 errors, 0 left on base; Charlotte 0 - Palm Beach 1
BOTTOM OF THE 3RD
Palm Beach Cardinals batting - Pitching for Charlotte Stone Crabs : RHP Jason Lento
Batting: RHB Jason Garcia 0-0: Fly out, F9 (Flyball, 9, EV 80.0 MPH)
Batting: RHB Dave Mora 0-0: Ball
1-0: Ball
2-0: Called Strike
2-1: Foul Ball, location: 9LMFF
2-2: Ball
3-2: Strikes out swinging
Batting: SHB Jeremy Landon 0-0: Ball
1-0: SINGLE (Groundball, 23, EV 65.6 MPH) (infield hit)
Batting: LHB Johnny Whitehead 0-0: SINGLE (Groundball, 6D, EV 98.8 MPH)
Jeremy Landon to second
Batting: RHB Robbie Carter 0-0: Fielders Choice at 2nd, 5-4 (Groundball, 56, EV 83.1 MPH)
Bottom of the 3rd over - 0 runs, 2 hits, 0 errors, 2 left on base; Charlotte 0 - Palm Beach 1
TOP OF THE 4TH
Charlotte Stone Crabs batting - Pitching for Palm Beach Cardinals : LHP Dylan Gregg
Batting: RHB Daniel Melendrez 0-0: Ball
1-0: Foul Ball, location: 2F
1-1: Ball
2-1: Ball
3-1: Fly out, F3 (Popup, 3S, EV 69.4 MPH)
Batting: RHB Alex Cooper 0-0: Called Strike
0-1: Swinging Strike
0-2: Ball
1-2: Strikes out swinging
Batting: LHB Ivan Santana 0-0: Ball
1-0: Ground out 4-3 (Groundball, 4, EV 84.4 MPH)
Top of the 4th over - 0 runs, 0 hits, 0 errors, 0 left on base; Charlotte 0 - Palm Beach 1
BOTTOM OF THE 4TH
Palm Beach Cardinals batting - Pitching for Charlotte Stone Crabs : RHP Jason Lento
Batting: SHB Alex Sandoval 0-0: Ball
1-0: Called Strike
1-1: Called Strike
1-2: Fly out, F7 (Flyball, 78M, EV 93.1 MPH)
Batting: RHB Tommy Riley 0-0: Called Strike
0-1: Foul Ball, location: 5SF
0-2: Ball
1-2: Hit by Pitch
Batting: LHB Tony Schulze 0-0: Called Strike
0-1: Ball
1-1: Foul Ball, location: 2F
1-2: Foul Ball, location: 2F
1-2: Ball
Tommy Riley steals 2nd base
2-2: Foul Ball, location: 2F
2-2: Foul Ball, location: 25F
2-2: Strikes out looking
Batting: RHB Garrett Cragle 0-0: Ball
1-0: Ball
2-0: Ball
3-0: Called Strike
3-1: Base on Balls
Batting: RHB Jason Garcia 0-0: Ball
1-0: Ball
2-0: Foul Ball, location: 5FF
2-1: Fielders Choice at 2nd, U6 (Groundball, 6M, EV 106.3 MPH)
Bottom of the 4th over - 0 runs, 0 hits, 0 errors, 2 left on base; Charlotte 0 - Palm Beach 1
TOP OF THE 5TH
Charlotte Stone Crabs batting - Pitching for Palm Beach Cardinals : LHP Dylan Gregg
Batting: RHB Isaiah Qualls 0-0: Ball
1-0: Ball
2-0: Swinging Strike
2-1: Foul Ball, location: 2LF, Error on foul ball, E2
2-2: Ball
3-2: Fly out, F7 (Flyball, 7S, EV 91.3 MPH)
Batting: RHB Estaçio Barrocas 0-0: Foul Ball, location: 5DF
0-1: SINGLE (Groundball, 56, EV 103.8 MPH) (infield hit)
Batting: RHB R.J. Kimmel 0-0: Called Strike
0-1: Ball
1-1: SINGLE (Groundball, 34D, EV 104.4 MPH)
Estaçio Barrocas to second
Runner from 2nd tries for 3rd, SAFE, throw by RF made to third
Batting: RHB Jeff Rock 0-0: Foul Ball, location: 23F
0-1: Swinging Strike
0-2: Ball
1-2: Ball
2-2: Fielders Choice at 2nd, 1-4 (Groundball, P, EV 70.0 MPH)
Batting: LHB Paul Haynes 0-0: Called Strike
0-1: Ball
1-1: Ground out 4-3 (Groundball, 4, EV 100.0 MPH)
Top of the 5th over - 0 runs, 2 hits, 1 error, 2 left on base; Charlotte 0 - Palm Beach 1
BOTTOM OF THE 5TH
Palm Beach Cardinals batting - Pitching for Charlotte Stone Crabs : RHP Jason Lento
Batting: RHB Dave Mora 0-0: Swinging Strike
0-1: Swinging Strike
0-2: Strikes out swinging
Batting: SHB Jeremy Landon 0-0: Fly out, F8 (Line Drive, 8LM, EV 105.0 MPH)
Batting: LHB Johnny Whitehead 0-0: Called Strike
0-1: Ball
1-1: Foul Ball, location: 2F
1-2: Ball
2-2: Ball
3-2: SINGLE (Line Drive, 56D, EV 103.8 MPH)
Batting: RHB Robbie Carter 0-0: Ball
1-0: SINGLE (Line Drive, 7S, EV 100.0 MPH)
Johnny Whitehead to second
Batting: SHB Alex Sandoval 0-0: Called Strike
0-1: Ball
1-1: DOUBLE (Line Drive, 89D, EV 98.8 MPH)
Johnny Whitehead scores
Robbie Carter to third
Batting: RHB Tommy Riley 0-0: Called Strike
0-1: Swinging Strike
0-2: Foul Ball, location: 3FF
0-2: Foul Ball, location: 9LMF
0-2: Ball
1-2: SINGLE (Line Drive, 78M, EV 104.4 MPH)
Robbie Carter scores
Alex Sandoval to third
Runner from 3rd tries for Home, SAFE, throw by LF to home
Batting: LHB Tony Schulze 0-0: Called Strike
Tommy Riley is caught stealing 2nd base 2-6
Bottom of the 5th over - 3 runs, 4 hits, 0 errors, 0 left on base; Charlotte 0 - Palm Beach 4
TOP OF THE 6TH
Charlotte Stone Crabs batting - Pitching for Palm Beach Cardinals : LHP Dylan Gregg
Batting: RHB Eric Watts 0-0: Foul Ball, location: 3SF
0-1: Fly out, F2 (Popup, 2RF, EV 89.4 MPH)
Batting: RHB Daniel Melendrez 0-0: Ball
1-0: Called Strike
1-1: Foul Ball, location: 2F
1-2: Foul Ball, location: 2F
1-2: Strikes out swinging
Batting: RHB Alex Cooper 0-0: Called Strike
0-1: Foul Ball, location: 9LDF
0-2: Ball
1-2: Strikes out swinging
Top of the 6th over - 0 runs, 0 hits, 0 errors, 0 left on base; Charlotte 0 - Palm Beach 4
BOTTOM OF THE 6TH
Palm Beach Cardinals batting - Pitching for Charlotte Stone Crabs : RHP Jason Lento
Batting: LHB Tony Schulze 0-0: Ball
1-0: Ball
2-0: Ground out 6-3 (Groundball, 6S, EV 81.9 MPH)
Batting: RHB Garrett Cragle 0-0: Foul Ball, location: 3F
0-1: Foul Ball, location: 5SF
0-2: Foul Ball, location: 2F
0-2: Ball
1-2: DOUBLE (Line Drive, 78D, EV 108.1 MPH)
Batting: RHB Jason Garcia 0-0: Called Strike
0-1: Swinging Strike
0-2: Ball
1-2: Ball
2-2: Strikes out swinging
Batting: RHB Dave Mora 0-0: Ball
1-0: Ball
2-0: Called Strike
2-1: Ball
3-1: Base on Balls
Batting: SHB Jeremy Landon 0-0: Ball
1-0: Ball
2-0: Foul Ball, location: 7LSF
2-1: Ball
3-1: Swinging Strike
3-2: Ground out 6-3 (Groundball, 6M, EV 106.9 MPH)
Bottom of the 6th over - 0 runs, 1 hit, 0 errors, 2 left on base; Charlotte 0 - Palm Beach 4
TOP OF THE 7TH
Charlotte Stone Crabs batting - Pitching for Palm Beach Cardinals : LHP Dylan Gregg
Batting: LHB Ivan Santana 0-0: Ball
1-0: DOUBLE (Line Drive, 9LD, EV 100.0 MPH)
Batting: RHB Isaiah Qualls 0-0: Called Strike
0-1: Swinging Strike
0-2: Hit by Pitch
Batting: RHB Estaçio Barrocas 0-0: Foul Ball, location: 5F
0-1: Ground out 6-3 (Groundball, 6MS, EV 73.1 MPH)
Ivan Santana to third
Isaiah Qualls to second
Batting: RHB R.J. Kimmel 0-0: Ball
1-0: Ball
2-0: Called Strike
2-1: SINGLE (Groundball, 4MD, EV 96.3 MPH)
Ivan Santana scores
Isaiah Qualls to third
Runner from 3rd tries for Home, SAFE, throw by CF to home
Batting: RHB Jeff Rock 0-0: Reached on error, E3 (Line Drive, 3L, EV 61.9 MPH)
R.J. Kimmel to second
Batting: LHB Paul Haynes 0-0: Ball
1-0: Ball
2-0: SINGLE (Line Drive, 9S, EV 101.9 MPH)
R.J. Kimmel to third
Jeff Rock to second
Batting: RHB Eric Watts 0-0: Grounds into fielders choice 6-2 (Groundball, 6, EV 108.8 MPH)
Jeff Rock to third
Paul Haynes to second
Batting: RHB Daniel Melendrez 0-0: Swinging Strike
0-1: Ground out 4-3 (Groundball, 4, EV 84.4 MPH)
Top of the 7th over - 2 runs, 3 hits, 1 error, 3 left on base; Charlotte 2 - Palm Beach 4
BOTTOM OF THE 7TH
Palm Beach Cardinals batting - Pitching for Charlotte Stone Crabs : RHP Jason Lento
Batting: LHB Johnny Whitehead 0-0: Called Strike
0-1: Ball
1-1: Foul Ball, location: 2F
1-2: Strikes out looking
Batting: RHB Robbie Carter 0-0: Ground out 5-3 (Groundball, 5, EV 100.6 MPH)
Batting: SHB Alex Sandoval 0-0: Called Strike
0-1: Ball
1-1: Ball
2-1: Swinging Strike
2-2: Foul Ball, location: 2F
2-2: DOUBLE (Line Drive, 89XD, EV 103.1 MPH)
Batting: RHB Tommy Riley 0-0: Ground out 6-3 (Groundball, 6, EV 77.5 MPH)
Bottom of the 7th over - 0 runs, 1 hit, 0 errors, 1 left on base; Charlotte 2 - Palm Beach 4
TOP OF THE 8TH
Charlotte Stone Crabs batting - Pitching for Palm Beach Cardinals : LHP Dylan Gregg
Pitching: RHP Mike DeLuke
Batting: RHB Alex Cooper 0-0: Fly out, F3 (Popup, 3SF, EV 81.9 MPH)
Batting: LHB Ivan Santana 0-0: Ball
1-0: Ground out 5-3 (Groundball, 56, EV 105.0 MPH)
Batting: RHB Isaiah Qualls 0-0: Foul Ball, location: 2F
0-1: Ball
1-1: Fly out, F8 (Flyball, 8LD, EV 102.5 MPH)
Top of the 8th over - 0 runs, 0 hits, 0 errors, 0 left on base; Charlotte 2 - Palm Beach 4
BOTTOM OF THE 8TH
Palm Beach Cardinals batting - Pitching for Charlotte Stone Crabs : RHP Jason Lento
Pitching: RHP Yukio Ito
Batting: LHB Tony Schulze 0-0: Foul Ball, location: 7LSF
0-1: Swinging Strike
0-2: Ball
1-2: Foul Ball, location: 9LMF
1-2: Ball
2-2: Foul Ball, location: 9LSF
2-2: SINGLE (Groundball, 34D, EV 105.0 MPH)
Batting: RHB Garrett Cragle 0-0: Ball
1-0: SINGLE (Groundball, 34D, EV 105.0 MPH) - runner OUT being hit by batted ball. (infield hit)
Batting: RHB Jason Garcia 0-0: Foul Ball, location: 3FF
0-1: Ball
1-1: Called Strike
1-2: Foul Ball, location: 25F
1-2: Ball
2-2: Fly out, F9 (Flyball, 9, EV 98.8 MPH)
Batting: RHB Dave Mora 0-0: Ball
1-0: Ball
2-0: Called Strike
2-1: Called Strike
2-2: Ball
3-2: Reached on error, E4 (Groundball, 4M, EV 81.3 MPH)
Garrett Cragle to second
Batting: SHB Jeremy Landon 0-0: Called Strike
0-1: Ball
1-1: Foul Ball, location: 23FF
1-2: Ball
2-2: Fly out, F6 (Popup, 6, EV 59.4 MPH)
Bottom of the 8th over - 0 runs, 2 hits, 1 error, 2 left on base; Charlotte 2 - Palm Beach 4
TOP OF THE 9TH
Charlotte Stone Crabs batting - Pitching for Palm Beach Cardinals : RHP Mike DeLuke
Now at 1B: Alex Sandoval
Now at 3B: Ryan Cook
Now in LF: Jeremy Landon
Now in RF: Josh Gregg
Batting: RHB Estaçio Barrocas 0-0: Called Strike
0-1: Swinging Strike
0-2: Ball
1-2: SINGLE (Line Drive, 5D, EV 100.0 MPH)
Pinch Hitting: LHB Rod Rood 0-0: Ball
1-0: Ball
2-0: Foul Ball, location: 5DF
2-1: Called Strike
2-2: Foul Ball, location: 2F
2-2: SINGLE (Groundball, 4MS, EV 60.6 MPH) (infield hit)
Estaçio Barrocas to second
Pinch Runner at 2nd John Christopher:
Batting: RHB Jeff Rock 0-0: SINGLE (Groundball, 34D, EV 97.5 MPH)
John Christopher to third
Rod Rood to second
Batting: LHB Paul Haynes 0-0: Foul Ball, location: 2F
0-1: Called Strike
0-2: Foul Ball, location: 7LDF
0-2: Ball
1-2: DOUBLE (Line Drive, 7LM, EV 106.9 MPH)
John Christopher scores
Rod Rood scores
Jeff Rock to third
Batting: RHB Eric Watts 0-0: Intentional Walk
Batting: RHB Daniel Melendrez 0-0: Ball
1-0: Foul Ball, location: 9LSF
1-1: Swinging Strike
1-2: Strikes out swinging
Batting: RHB Alex Cooper 0-0: Called Strike
0-1: Ball
1-1: Ball
2-1: Foul Ball, location: 2F
2-2: Fly out, F8 (Flyball, 8LM, EV 98.1 MPH)
Runner from 3rd tags up, SCORES, throw by CF
Paul Haynes to third
Batting: LHB Ivan Santana 0-0: Ground out 4-3 (Groundball, 4S, EV 86.3 MPH)
Top of the 9th over - 3 runs, 4 hits, 0 errors, 2 left on base; Charlotte 5 - Palm Beach 4
BOTTOM OF THE 9TH
Palm Beach Cardinals batting - Pitching for Charlotte Stone Crabs : RHP Yukio Ito
Pitching: RHP Josh Carr
Now at C: Bobby Armendariz
Now at 1B: Andy Pyszka
Now at 2B: Chad Morris
Now in LF: John Christopher
Batting: LHB Josh Gregg 0-0: Ball
1-0: Ball
2-0: Called Strike
2-1: Ball
3-1: Foul Ball, location: 5FF
3-2: Base on Balls
Batting: RHB Robbie Carter 0-0: Ball
1-0: Called Strike
1-1: Fly out, F8 (Flyball, 8RXD, EV 107.5 MPH)
Runner from 1st tags up, SAFE at 2nd
Batting: SHB Alex Sandoval 0-0: Foul Ball, location: 2LF
0-1: Called Strike
0-2: Ball
1-2: Ball
2-2: Foul Ball, location: 5F
2-2: Ball
3-2: Foul Ball, location: 2F
3-2: Base on Balls
Pinch Hitting: LHB Jon Carlson 0-0: Ball
1-0: Grounds into double play, 4-6-3 (Groundball, 4, EV 91.3 MPH)
Bottom of the 9th over - 0 runs, 0 hits, 0 errors, 1 left on base; Charlotte 5 - Palm Beach 4
Saturday, May 4th , 2024 - OOTP Baseball 24.11 Build 85